| TOP OF THE 1ST |
|
Colorado Springs Sky Sox batting - Pitching for Iowa Cubs : RHP Josh Ready
|
|
Pitching: RHP Josh Ready
|
|
|
Batting: LHB Tony Ponce
|
0-0: Called Strike 0-1: Foul Ball, location: 2F 0-2: Foul Ball, location: 2F 0-2: Foul Ball, location: 2F 0-2: Ball 1-2: Ball 2-2: Ball 3-2: Foul Ball, location: 2F 3-2: Foul Ball, location: 2F 3-2: Base on Balls
|
|
Batting: RHB Fu-Kang Duan
|
0-0: Called Strike 0-1: Foul Ball, location: 2F 0-2: Foul Ball, location: 2F 0-2: Ball 1-2: DOUBLE (Line Drive, 78XD, EV 114.4 MPH) Tony Ponce to third
|
|
Batting: LHB Matt Steinke
|
0-0: Ball Passed Ball! Tony Ponce scores Fu-Kang Duan to third 1-0: Fly out, F7 (Flyball, 7, EV 93.1 MPH) Runner from 3rd tags up, SCORES, throw by LF
|
|
Batting: RHB Mike Manchester
|
0-0: Fly out, F4 (Popup, 3S, EV 83.8 MPH)
|
|
Batting: LHB Koson Hirai
|
0-0: Ball 1-0: Fly out, F8 (Flyball, 8RM, EV 97.5 MPH)
|
| Top of the 1st over - 2 runs, 1 hit, 0 errors, 0 left on base; Colorado Springs 2 - Iowa 0 |
| BOTTOM OF THE 1ST |
|
Iowa Cubs batting - Pitching for Colorado Springs Sky Sox : LHP Bubba Fields
|
|
Pitching: LHP Bubba Fields
|
|
|
Batting: RHB Jason Ostrom
|
0-0: Ball 1-0: Called Strike 1-1: Ball 2-1: Foul Ball, location: 2F 2-2: Foul Ball, location: 2F 2-2: Foul Ball, location: 2F 2-2: Strikes out swinging
|
|
Batting: RHB Andy Wasierski
|
0-0: Ball 1-0: Ball 2-0: Ball 3-0: Called Strike 3-1: Ground out 2-3 (Groundball, 2R, EV 77.5 MPH)
|
|
Batting: RHB Kaeo Zirpoli
|
0-0: Ball 1-0: Ball 2-0: Called Strike 2-1: Foul Ball, location: 2F 2-2: Ball 3-2: Strikes out swinging
|
| Bottom of the 1st over - 0 runs, 0 hits, 0 errors, 0 left on base; Colorado Springs 2 - Iowa 0 |
| TOP OF THE 2ND |
|
Colorado Springs Sky Sox batting - Pitching for Iowa Cubs : RHP Josh Ready
|
|
Batting: RHB R.J. Anchondo
|
0-0: Ball 1-0: Ball 2-0: Ball 3-0: Called Strike 3-1: Foul Ball, location: 2F 3-2: DOUBLE (Flyball, 8RXD, EV 100.0 MPH)
|
|
Batting: RHB George Lundy
|
0-0: Ball 1-0: Ball 2-0: Ball 3-0: Called Strike 3-1: Base on Balls
|
|
Batting: RHB Craig Gomez
|
0-0: Ball Passed Ball! R.J. Anchondo to third George Lundy to second 1-0: Swinging Strike 1-1: Foul Ball, location: 2F 1-2: Strikes out swinging
|
|
Batting: RHB Ethan McCullough
|
0-0: Ball 1-0: Ground out 5-3 (Groundball, 56S, EV 85.0 MPH) R.J. Anchondo scores
|
|
Batting: LHB Tony Ponce
|
0-0: Foul Ball, location: 2F 0-1: Foul Ball, location: 2F 0-2: Fly out, F8 (Flyball, 8RD, EV 100.6 MPH)
|
| Top of the 2nd over - 1 run, 1 hit, 0 errors, 1 left on base; Colorado Springs 3 - Iowa 0 |
| BOTTOM OF THE 2ND |
|
Iowa Cubs batting - Pitching for Colorado Springs Sky Sox : LHP Bubba Fields
|
|
Batting: RHB Adam O'Hare
|
0-0: Ball 1-0: Ball 2-0: Foul Ball, location: 2F 2-1: Foul Ball, location: 2F 2-2: SINGLE (Groundball, 56D, EV 98.8 MPH) (infield hit)
|
|
Batting: RHB Pat Barton
|
0-0: Called Strike Adam O'Hare steals 2nd base 0-1: Ball 1-1: Swinging Strike 1-2: Ball 2-2: Strikes out swinging
|
|
Batting: SHB Art Kent
|
0-0: Ground out 6-3 (Groundball, 6, EV 81.9 MPH) Adam O'Hare to third
|
|
Batting: RHB Brian Gargis
|
0-0: Called Strike 0-1: Fly out, F8 (Line Drive, 8RD, EV 96.2 MPH)
|
| Bottom of the 2nd over - 0 runs, 1 hit, 0 errors, 1 left on base; Colorado Springs 3 - Iowa 0 |
| TOP OF THE 3RD |
|
Colorado Springs Sky Sox batting - Pitching for Iowa Cubs : RHP Josh Ready
|
|
Batting: RHB Fu-Kang Duan
|
0-0: Ball 1-0: Ball 2-0: Called Strike 2-1: Fly out, F7 (Flyball, 7D, EV 101.2 MPH)
|
|
Batting: LHB Matt Steinke
|
0-0: Ball 1-0: Ground out U3 (Groundball, 3, EV 85.0 MPH)
|
|
Pitching: RHP Bryant Bradley
|
|
|
Batting: RHB Mike Manchester
|
0-0: Ball 1-0: Ball 2-0: Called Strike 2-1: SINGLE (Line Drive, 8RS, EV 97.5 MPH)
|
|
Batting: LHB Koson Hirai
|
0-0: Swinging Strike 0-1: Foul Ball, location: 2F 0-2: Fly out, F9 (Line Drive, 9, EV 95.6 MPH)
|
| Top of the 3rd over - 0 runs, 1 hit, 0 errors, 1 left on base; Colorado Springs 3 - Iowa 0 |
| BOTTOM OF THE 3RD |
|
Iowa Cubs batting - Pitching for Colorado Springs Sky Sox : LHP Bubba Fields
|
|
Batting: RHB Adam Kelliher
|
0-0: Called Strike 0-1: Ball 1-1: Ball 2-1: Swinging Strike 2-2: Foul Ball, location: 2F 2-2: Ball 3-2: Foul Ball, location: 2F 3-2: Foul Ball, location: 2F 3-2: Foul Ball, location: 2F 3-2: Foul Ball, location: 2F 3-2: Foul Ball, location: 2F 3-2: Strikes out swinging
|
|
Batting: SHB Nick Chandler
|
0-0: Called Strike 0-1: Ball 1-1: Ball 2-1: Called Strike 2-2: Foul Ball, location: 2F 2-2: Strikes out swinging
|
|
Batting: RHB Jason Ostrom
|
0-0: Called Strike 0-1: Foul Ball, location: 2F 0-2: Ball 1-2: Strikes out swinging
|
| Bottom of the 3rd over - 0 runs, 0 hits, 0 errors, 0 left on base; Colorado Springs 3 - Iowa 0 |
| TOP OF THE 4TH |
|
Colorado Springs Sky Sox batting - Pitching for Iowa Cubs : RHP Bryant Bradley
|
|
Batting: RHB R.J. Anchondo
|
0-0: SINGLE (Line Drive, 8LS, EV 105.6 MPH)
|
|
Batting: RHB George Lundy
|
0-0: Called Strike 0-1: Swinging Strike 0-2: Ball 1-2: Ball 2-2: Ball 3-2: Base on Balls R.J. Anchondo to second
|
|
Batting: RHB Craig Gomez
|
0-0: Ball 1-0: Foul Ball, location: 2F 1-1: Ball 2-1: Ball 3-1: Base on Balls R.J. Anchondo to third George Lundy to second
|
|
Batting: RHB Ethan McCullough
|
0-0: Ball 1-0: Fly out, F8 (Flyball, 8LD, EV 86.2 MPH)
|
|
Batting: LHB Tony Ponce
|
0-0: SINGLE (Groundball, 4MD, EV 100.6 MPH) R.J. Anchondo scores George Lundy to third Craig Gomez to second Runner from 3rd tries for Home, SAFE, throw by CF to home
|
|
Batting: RHB Fu-Kang Duan
|
0-0: Foul Ball, location: 2F 0-1: SINGLE (Groundball, 6MD, EV 96.9 MPH) Craig Gomez to third Tony Ponce to second Runner from 3rd tries for Home, SAFE, throw by CF to home
|
|
Pitching: RHP Julio Arteaga
|
|
|
Batting: LHB Matt Steinke
|
0-0: Ball 1-0: Called Strike 1-1: Foul Ball, location: 2F 1-2: Ball 2-2: SINGLE (Line Drive, 7S, EV 103.1 MPH) Tony Ponce to third Fu-Kang Duan to second
|
|
Batting: RHB Mike Manchester
|
0-0: Ball 1-0: Ball 2-0: Fielders Choice at 2nd, 3-6 (Groundball, 34, EV 107.5 MPH) Tony Ponce scores Fu-Kang Duan to third
|
|
Batting: LHB Koson Hirai
|
0-0: Foul Ball, location: 2F 0-1: Ball 1-1: Called Strike 1-2: Ball 2-2: Ball 3-2: Fly out, F9 (Flyball, 9D, EV 100.0 MPH)
|
| Top of the 4th over - 4 runs, 4 hits, 0 errors, 2 left on base; Colorado Springs 7 - Iowa 0 |
| BOTTOM OF THE 4TH |
|
Iowa Cubs batting - Pitching for Colorado Springs Sky Sox : LHP Bubba Fields
|
|
Batting: RHB Andy Wasierski
|
0-0: Swinging Strike 0-1: Ball 1-1: Foul Ball, location: 2F 1-2: Fly out, F8 (Flyball, 8LM, EV 88.1 MPH)
|
|
Batting: RHB Kaeo Zirpoli
|
0-0: Called Strike 0-1: Ball 1-1: Foul Ball, location: 2F 1-2: Ball 2-2: Foul Ball, location: 2F 2-2: Ball 3-2: Base on Balls
|
|
Batting: RHB Adam O'Hare
|
0-0: Called Strike 0-1: Swinging Strike 0-2: Ball 1-2: Strikes out swinging
|
|
Pitching: RHP Curtis Gumbs
|
|
|
Batting: RHB Pat Barton
|
0-0: Called Strike 0-1: SINGLE (Groundball, 4, EV 98.1 MPH) Kaeo Zirpoli to second
|
|
Batting: SHB Art Kent
|
0-0: Ball 1-0: Foul Ball, location: 2F 1-1: Foul Ball, location: 2F 1-2: Ball 2-2: Ground out 1-3 (Groundball, 15S, EV 60.6 MPH)
|
| Bottom of the 4th over - 0 runs, 1 hit, 0 errors, 2 left on base; Colorado Springs 7 - Iowa 0 |
| TOP OF THE 5TH |
|
Colorado Springs Sky Sox batting - Pitching for Iowa Cubs : RHP Julio Arteaga
|
|
Batting: RHB R.J. Anchondo
|
0-0: Ground out 5-3 (Groundball, 56, EV 87.5 MPH)
|
|
Batting: RHB George Lundy
|
0-0: Called Strike 0-1: Ball 1-1: DOUBLE (Line Drive, 9LM, EV 89.4 MPH)
|
|
Batting: RHB Craig Gomez
|
0-0: Swinging Strike 0-1: Called Strike 0-2: Ball 1-2: Fly out, F9 (Flyball, 9D, EV 100.0 MPH) Runner from 2nd tags up, SAFE at 3rd, no throw by RF
|
|
Batting: RHB Ethan McCullough
|
0-0: SINGLE (Line Drive, 8RS, EV 111.2 MPH) George Lundy scores
|
|
Batting: LHB Tony Ponce
|
0-0: Called Strike 0-1: Swinging Strike 0-2: Strikes out looking
|
| Top of the 5th over - 1 run, 2 hits, 0 errors, 1 left on base; Colorado Springs 8 - Iowa 0 |
| BOTTOM OF THE 5TH |
|
Iowa Cubs batting - Pitching for Colorado Springs Sky Sox : RHP Curtis Gumbs
|
|
Batting: RHB Brian Gargis
|
0-0: Foul Ball, location: 2F 0-1: Ground out U3 (Groundball, 34S, EV 81.2 MPH)
|
|
Batting: RHB Adam Kelliher
|
0-0: SINGLE (Line Drive, 4MD, EV 95.0 MPH)
|
|
Batting: SHB Nick Chandler
|
0-0: Foul Ball, location: 2F 0-1: Ball 1-1: TRIPLE (Flyball, 78XD, EV 107.5 MPH) Adam Kelliher scores
|
|
Batting: RHB Jason Ostrom
|
0-0: Ball 1-0: Ball 2-0: Called Strike 2-1: Foul Ball, location: 2F 2-2: Ball 3-2: Foul Ball, location: 2F 3-2: Strikes out swinging
|
|
Batting: RHB Andy Wasierski
|
0-0: Ball 1-0: Ball 2-0: Swinging Strike 2-1: Ground out 6-3 (Groundball, 6MS, EV 71.9 MPH)
|
| Bottom of the 5th over - 1 run, 2 hits, 0 errors, 1 left on base; Colorado Springs 8 - Iowa 1 |
| TOP OF THE 6TH |
|
Colorado Springs Sky Sox batting - Pitching for Iowa Cubs : RHP Julio Arteaga
|
|
Batting: RHB Fu-Kang Duan
|
0-0: Ball 1-0: Swinging Strike 1-1: Ball 2-1: Swinging Strike 2-2: Strikes out swinging
|
|
Batting: LHB Matt Steinke
|
0-0: Ball 1-0: Foul Ball, location: 2F 1-1: Ball 2-1: Swinging Strike 2-2: Foul Ball, location: 2F 2-2: Foul Ball, location: 2F 2-2: Foul Ball, location: 2F 2-2: Strikes out swinging
|
|
Batting: RHB Mike Manchester
|
0-0: Ball 1-0: Ball 2-0: Ball 3-0: Called Strike 3-1: Foul Ball, location: 2F 3-2: Foul Ball, location: 2F 3-2: Strikes out swinging
|
| Top of the 6th over - 0 runs, 0 hits, 0 errors, 0 left on base; Colorado Springs 8 - Iowa 1 |
| BOTTOM OF THE 6TH |
|
Iowa Cubs batting - Pitching for Colorado Springs Sky Sox : RHP Curtis Gumbs
|
|
Batting: RHB Kaeo Zirpoli
|
0-0: Ball 1-0: Ball 2-0: Swinging Strike 2-1: Foul Ball, location: 2F 2-2: Foul Ball, location: 2F 2-2: Foul Ball, location: 2F 2-2: Foul Ball, location: 2F 2-2: Ball 3-2: Fly out, F8 (Flyball, 8LD, EV 90.0 MPH)
|
|
Batting: RHB Adam O'Hare
|
0-0: Foul Ball, location: 2F 0-1: Ball 1-1: Ball 2-1: Ball 3-1: Swinging Strike 3-2: Strikes out swinging
|
|
Batting: RHB Pat Barton
|
0-0: Ball 1-0: Ball 2-0: Called Strike 2-1: Called Strike 2-2: Foul Ball, location: 2F 2-2: Ball 3-2: Foul Ball, location: 2F 3-2: Strikes out swinging
|
| Bottom of the 6th over - 0 runs, 0 hits, 0 errors, 0 left on base; Colorado Springs 8 - Iowa 1 |
| TOP OF THE 7TH |
|
Colorado Springs Sky Sox batting - Pitching for Iowa Cubs : RHP Julio Arteaga
|
|
Batting: LHB Koson Hirai
|
0-0: Ball 1-0: Ground out 6-3 (Groundball, 56, EV 96.9 MPH)
|
|
Batting: RHB R.J. Anchondo
|
0-0: Called Strike 0-1: Foul Ball, location: 2F 0-2: Ground out 6-3 (Groundball, 6, EV 81.2 MPH)
|
|
Batting: RHB George Lundy
|
0-0: Foul Ball, location: 2F 0-1: Ball 1-1: Ball 2-1: Called Strike 2-2: Foul Ball, location: 2F 2-2: Foul Ball, location: 2F 2-2: Ball 3-2: Base on Balls
|
|
Batting: RHB Craig Gomez
|
0-0: Called Strike 0-1: Foul Ball, location: 2F 0-2: Ball 1-2: Ball 2-2: Ball 3-2: 2-RUN HOME RUN (Flyball, 7D, EV 98.1 MPH), Distance : 382 ft
|
|
Pitching: LHP Nate George
|
|
|
Batting: RHB Ethan McCullough
|
0-0: Fly out, F9 (Flyball, 9, EV 88.1 MPH)
|
| Top of the 7th over - 2 runs, 1 hit, 0 errors, 0 left on base; Colorado Springs 10 - Iowa 1 |
| BOTTOM OF THE 7TH |
|
Iowa Cubs batting - Pitching for Colorado Springs Sky Sox : RHP Curtis Gumbs
|
|
Batting: SHB Art Kent
|
0-0: Called Strike 0-1: Ball 1-1: Fly out, F7 (Line Drive, 7LM, EV 85.0 MPH)
|
|
Batting: RHB Brian Gargis
|
0-0: Ball 1-0: Foul Ball, location: 2F 1-1: Ball 2-1: Ground out 6-3 (Groundball, 6, EV 79.4 MPH)
|
|
Batting: RHB Adam Kelliher
|
0-0: Foul Ball, location: 2F 0-1: Ball 1-1: TRIPLE (Flyball, 9D, EV 109.4 MPH)
|
|
Batting: SHB Nick Chandler
|
0-0: Ball 1-0: Ball 2-0: Ball 3-0: Base on Balls
|
|
Batting: RHB Jason Ostrom
|
0-0: Ball 1-0: Called Strike 1-1: Foul Ball, location: 2F 1-2: Ball 2-2: Ball 3-2: Fly out, F9 (Line Drive, 9LS, EV 91.2 MPH)
|
| Bottom of the 7th over - 0 runs, 1 hit, 0 errors, 2 left on base; Colorado Springs 10 - Iowa 1 |
| TOP OF THE 8TH |
|
Colorado Springs Sky Sox batting - Pitching for Iowa Cubs : LHP Nate George
|
|
Pinch Hitting: RHB Dwane Reed
|
0-0: Swinging Strike 0-1: Ball 1-1: SINGLE (Groundball, 4MD, EV 93.8 MPH)
|
|
Batting: RHB Fu-Kang Duan
|
0-0: Foul Ball, location: 2F 0-1: Ball 1-1: Ball Passed Ball! Dwane Reed to second 2-1: Ground out 5-3 (Groundball, 5, EV 85.0 MPH)
|
|
Batting: LHB Matt Steinke
|
0-0: Ground out 4-3 (Groundball, 4, EV 88.8 MPH) Dwane Reed to third
|
|
Batting: RHB Mike Manchester
|
0-0: Swinging Strike 0-1: Ball 1-1: Fly out, F9 (Line Drive, 9D, EV 98.1 MPH)
|
| Top of the 8th over - 0 runs, 1 hit, 0 errors, 1 left on base; Colorado Springs 10 - Iowa 1 |
| BOTTOM OF THE 8TH |
|
Iowa Cubs batting - Pitching for Colorado Springs Sky Sox : RHP Curtis Gumbs
|
|
Pitching: RHP Rusty Pinard
|
|
|
Now in RF: Dwane Reed
|
|
|
Batting: RHB Andy Wasierski
|
0-0: Swinging Strike 0-1: SINGLE (Groundball, 34D, EV 78.1 MPH) (infield hit)
|
|
Batting: RHB Kaeo Zirpoli
|
0-0: Called Strike 0-1: Called Strike 0-2: SINGLE (Line Drive, 34D, EV 103.1 MPH) Andy Wasierski to second
|
|
Batting: RHB Adam O'Hare
|
0-0: Ball 1-0: Ball 2-0: Called Strike 2-1: Swinging Strike 2-2: Foul Ball, location: 2F 2-2: Grounds into double play, 6-4-3 (Groundball, 6M, EV 105.6 MPH) Andy Wasierski to third
|
|
Batting: RHB Pat Barton
|
0-0: Ball 1-0: Ground out 4-3 (Groundball, 4, EV 99.4 MPH)
|
| Bottom of the 8th over - 0 runs, 2 hits, 0 errors, 1 left on base; Colorado Springs 10 - Iowa 1 |
| TOP OF THE 9TH |
|
Colorado Springs Sky Sox batting - Pitching for Iowa Cubs : LHP Nate George
|
|
Batting: LHB Koson Hirai
|
0-0: Ball 1-0: Foul Ball, location: 2F 1-1: Foul Ball, location: 2F 1-2: Ball 2-2: Fly out, F7 (Flyball, 7LM, EV 85.6 MPH)
|
|
Batting: RHB R.J. Anchondo
|
0-0: Called Strike 0-1: Ball 1-1: Foul Ball, location: 2F 1-2: Ball 2-2: Ball 3-2: SINGLE (Flyball, 7LS, EV 84.4 MPH)
|
|
Batting: RHB George Lundy
|
0-0: Ball 1-0: Ball 2-0: Ball 3-0: Called Strike 3-1: Foul Ball, location: 2F 3-2: Base on Balls R.J. Anchondo to second
|
|
Batting: RHB Craig Gomez
|
0-0: Ball 1-0: Foul Ball, location: 2F 1-1: Called Strike 1-2: Ball 2-2: Grounds into double play, 6-4-3 (Groundball, 6D, EV 106.9 MPH)
|
| Top of the 9th over - 0 runs, 1 hit, 0 errors, 1 left on base; Colorado Springs 10 - Iowa 1 |
| BOTTOM OF THE 9TH |
|
Iowa Cubs batting - Pitching for Colorado Springs Sky Sox : RHP Rusty Pinard
|
|
Batting: SHB Art Kent
|
0-0: Called Strike 0-1: Ball 1-1: SINGLE (Groundball, 25, EV 66.9 MPH) (infield hit)
|
|
Batting: RHB Brian Gargis
|
0-0: Ball 1-0: DOUBLE (Flyball, 89XD, EV 103.8 MPH) Art Kent to third
|
|
Batting: RHB Adam Kelliher
|
0-0: Ball 1-0: Ball 2-0: Swinging Strike 2-1: Foul Ball, location: 2F 2-2: Foul Ball, location: 2F 2-2: DOUBLE (Line Drive, 5D, EV 96.2 MPH) Art Kent scores Brian Gargis scores
|
|
Batting: SHB Nick Chandler
|
0-0: Ball 1-0: Swinging Strike 1-1: Ball 2-1: Ball 3-1: Foul Ball, location: 2F 3-2: Ground out 5-3 (Groundball, 56S, EV 87.5 MPH)
|
|
Pitching: RHP Paulo Guincho
|
|
|
Batting: RHB Jason Ostrom
|
0-0: Ground out 1-3 (Groundball, 15S, EV 73.8 MPH)
|
|
Batting: RHB Andy Wasierski
|
0-0: Called Strike 0-1: Reached on error, E3 (Groundball, 34, EV 94.4 MPH) Adam Kelliher to third
|
|
Batting: RHB Kaeo Zirpoli
|
0-0: Swinging Strike 0-1: Ball 1-1: Ball 2-1: Foul Ball, location: 2F 2-2: Strikes out swinging
|
| Bottom of the 9th over - 2 runs, 3 hits, 1 error, 2 left on base; Colorado Springs 10 - Iowa 3 |
|